[Event "Titled Tuesday Blitz February 22 Early 2022"]
[White "Muradov, Soltan"]
[Black "Dauner, Benedikt"]
[WhiteFideId "14002108"]
[BlackFideId "16225899"]
[WhiteElo "1854"]
[BlackElo "2230"]
[Result "1-0"]
[Round "05"]
[TimeControl "180+1"]
[Date "2022.02.22"]
[WhiteClock "0:00:24"]
[BlackClock "0:00:02"]

1. d4 d5 2. Nf3 Nf6 3. Bf4 c5 4. e3 Nc6 5. c3 Qb6 6. Qb3 c4 7. Qxb6 axb6 8. Na3 Bf5 9. Nb5 Ra5 10. a4 e6 11. h3 h6 12. g4 Bh7 13. Bg2 Kd7 14. Bc7 Bc2 15. Bxb6 Rxa4 16. Kd2 Bb3 17. Ne5+ Nxe5 18. dxe5 Ne8 19. Nd4 Rxa1 20. Rxa1 h5 21. gxh5 Be7 22. Ra7 Kc8 23. Ra8+ Kd7 24. Ra7 Kc8 25. Nxb3 cxb3 26. c4 Bb4+ 27. Ke2 Rxh5 28. cxd5 Rg5 29. Ra8+ Kd7 30. dxe6+ fxe6 31. Bxb7 Rxe5 32. Bd4 Rb5 33. Ba6 Ra5 34. Ra7+ Kd6 35. Bc4 Rxa7 36. Bxa7 Nc7 37. Bxb3 Nd5 38. Bd4 Nf6 39. Bc2 Nd5 40. Bxg7 Ba5 41. h4 Bd8 42. h5 Bg5 43. h6 Ne7 44. h7 Ng6 45. Bxg6 Bf6 46. Bxf6 Kd5 47. h8=Q Kc5 48. Bd4+ Kd5 49. Qe5+ Kc6 50. Qc5+ Kd7 51. Be5 Kd8 52. Qd6+ 1-0


[Site "https://www.chess.com"]

[Event "Titled Tuesday Blitz February 22 Early 2022"]
[White "Narayanan.S.L"]
[Black "Abdisalimov, Abdimalik"]
[WhiteFideId "5058422"]
[BlackFideId "14206323"]
[WhiteElo "2494"]
[BlackElo "2401"]
[Result "1-0"]
[Round "05"]
[TimeControl "180+1"]
[Date "2022.02.22"]
[WhiteClock "0:00:56"]
[BlackClock "0:00:00"]

1. d4 Nf6 2. Nc3 d5 3. Bf4 a6 4. e4 dxe4 5. f3 Bf5 6. fxe4 Nxe4 7. Bd3 Nxc3 8. bxc3 Bxd3 9. Qxd3 e6 10. Nf3 Be7 11. O-O O-O 12. Kh1 c5 13. Rad1 Nc6 14. Ne5 Rc8 15. Qg3 Kh8 16. dxc5 Qe8 17. Nd7 Rg8 18. Nb6 Rd8 19. Bd6 f6 20. h3 e5 21. Nc4 Qf7 22. Ne3 Rd7 23. c4 Bd8 24. c3 Na5 25. Qg4 Nc6 26. Qe4 Re8 27. Nd5 Qe6 28. g4 Rf7 29. Ne3 g6 30. Rf3 Rg8 31. Rdf1 Be7 32. Qd5 Qxd5 33. Nxd5 Bd8 34. Nxf6 Bxf6 35. Rxf6 Rxf6 36. Rxf6 Kg7 37. g5 Re8 38. Kg2 Na5 39. Kf3 e4+ 40. Ke2 Nxc4 41. c6 bxc6 42. Bc5 e3 43. Rxc6 Kg8 44. Bd4 Ne5 45. Bxe5 Rxe5 46. Rxa6 Rxg5 47. Kxe3 Rg3+ 48. Kd4 Rxh3 49. c4 h5 50. Rxg6+ Kf7 51. Rg2 Ra3 52. Kc5 h4 53. Kc6 h3 54. Re2 Ra6+ 55. Kb7 1-0


[Site "https://www.chess.com"]

[Event "Titled Tuesday Blitz February 22 Early 2022"]
[White "Neiksans, Arturs"]
[Black "Yang, Kaiqi"]
[WhiteFideId "11601388"]
[BlackFideId "8604398"]
[WhiteElo "2447"]
[BlackElo "2373"]
[Result "1-0"]
[Round "05"]
[TimeControl "180+1"]
[Date "2022.02.22"]
[WhiteClock "0:00:15"]
[BlackClock "0:00:03"]

1. e4 e5 2. Nf3 Nc6 3. Bb5 a6 4. Ba4 Nf6 5. O-O Nxe4 6. d4 b5 7. Bb3 d5 8. dxe5 Be6 9. c3 Bc5 10. Nbd2 O-O 11. Bc2 Nxf2 12. Rxf2 f6 13. exf6 Qxf6 14. Nf1 Bxf2+ 15. Kxf2 Ne5 16. Be3 Nxf3 17. gxf3 Qh4+ 18. Kg1 Rf6 19. Qd4 Qh5 20. Ng3 Qxf3 21. Rf1 Qg4 22. Rxf6 Qxd4 23. Bxd4 gxf6 24. Nh5 Kf7 25. Nf4 Rg8+ 26. Kf2 Rg4 27. Kf3 Rh4 28. h3 Bxh3 29. Kg3 Rg4+ 30. Kf3 Rh4 31. Bf2 Rh6 32. Nxd5 Be6 33. Nxc7 Bxa2 34. Nxa6 Bd5+ 35. Kg3 Rh5 36. Be3 Re5 37. Kf2 Be4 38. Bb3+ Kg6 39. Nc5 h5 40. Nxe4 Rxe4 41. Bc2 Kf5 42. Kf3 1-0


[Site "https://www.chess.com"]

[Event "Titled Tuesday Blitz February 22 Early 2022"]
[White "Nenezic, Marko"]
[Black "Purtseladze, Maka"]
[WhiteFideId "912123"]
[BlackFideId "13602659"]
[WhiteElo "2484"]
[BlackElo "2192"]
[Result "1-0"]
[Round "05"]
[TimeControl "180+1"]
[Date "2022.02.22"]
[WhiteClock "0:01:23"]
[BlackClock "0:00:44"]

1. Nf3 g6 2. c4 Bg7 3. d4 d6 4. e4 Bg4 5. Be2 Bxf3 6. Bxf3 Nc6 7. Be3 e5 8. d5 Nd4 9. Bxd4 exd4 10. Nd2 c5 11. Be2 Ne7 12. Bd3 O-O 13. O-O f5 14. exf5 Nxf5 15. Qg4 Be5 16. g3 Kg7 17. Rae1 h5 18. Qh3 Qg5 19. f4 Bxf4 20. Rxf4 Nxg3 21. Qxg3 Qxf4 22. Qxg6+ Kh8 23. Qh7# 1-0


[Site "https://www.chess.com"]

[Event "Titled Tuesday Blitz February 22 Early 2022"]
[White "Nesterov, Arseniy"]
[Black "Ambartsumova, Karina"]
[WhiteFideId "24198455"]
[BlackFideId "4166299"]
[WhiteElo "2489"]
[BlackElo "2262"]
[Result "0-1"]
[Round "05"]
[TimeControl "180+1"]
[Date "2022.02.22"]
[WhiteClock "0:00:10"]
[BlackClock "0:00:05"]

1. d4 d5 2. c4 e6 3. Nf3 Nf6 4. Nc3 Be7 5. Bg5 O-O 6. e3 h6 7. Bh4 Ne4 8. Bxe7 Qxe7 9. Rc1 c6 10. h4 Nd7 11. g4 Nxc3 12. Rxc3 g6 13. g5 h5 14. Bg2 dxc4 15. Rxc4 e5 16. O-O exd4 17. Rxd4 Nb6 18. Nd2 Bf5 19. a4 Rad8 20. a5 Rxd4 21. exd4 Nc8 22. a6 Nd6 23. Re1 Qd7 24. axb7 Qxb7 25. Nb3 Rb8 26. Na5 Qxb2 27. Nxc6 Rf8 28. Nxa7 Qb6 29. Nc6 Bg4 30. Qa1 Bf5 31. d5 Kh7 32. Qa3 Qc7 33. Re7 Nb5 34. Qc5 Qf4 0-1


[Site "https://www.chess.com"]

[Event "Titled Tuesday Blitz February 22 Early 2022"]
[White "Nithyalakshmi, Sivanesan"]
[Black "Heinemann, Josefine"]
[WhiteFideId "5706955"]
[BlackFideId "12900460"]
[WhiteElo "1815"]
[BlackElo "2300"]
[Result "0-1"]
[Round "05"]
[TimeControl "180+1"]
[Date "2022.02.22"]
[WhiteClock "0:00:01"]
[BlackClock "0:00:13"]

1. e4 c5 2. Nf3 e6 3. d3 Nc6 4. g3 g6 5. Bg2 Bg7 6. O-O d6 7. Nbd2 Nge7 8. Re1 O-O 9. Nf1 b5 10. e5 dxe5 11. Nxe5 Bb7 12. Nxc6 Bxc6 13. Ne3 Bxg2 14. Nxg2 Nf5 15. Ne3 Nd4 16. c3 Nc6 17. Ng4 Qd5 18. Bh6 Rfd8 19. Bxg7 Kxg7 20. Qc1 Qh5 21. Qf4 Rxd3 22. Qe4 Rad8 23. Nf6 Qf3 24. Qxf3 Rxf3 25. Ne4 c4 26. Rad1 Rfd3 27. Rxd3 Rxd3 28. Kg2 h5 29. Re2 Ne7 30. Nc5 Rd1 31. Na6 Nd5 32. a3 h4 33. Nb8 hxg3 34. hxg3 Ne7 35. Na6 Rd7 36. Nb4 a5 37. Nc2 Nf5 38. Re5 Rd5 39. Rxd5 exd5 40. Kf3 Kf6 41. g4 Nd6 42. Nd4 Ke5 43. Nc6+ Ke6 44. Nxa5 Kd7 45. Ke3 f5 0-1


[Site "https://www.chess.com"]

[Event "Titled Tuesday Blitz February 22 Early 2022"]
[White "Nosacheva, Mariya"]
[Black "Kirillov, Dmitry"]
[WhiteFideId "34111422"]
[BlackFideId "34180572"]
[WhiteElo "2055"]
[BlackElo "2076"]
[Result "1-0"]
[Round "05"]
[TimeControl "180+1"]
[Date "2022.02.22"]
[WhiteClock "0:00:47"]
[BlackClock "0:00:10"]

1. e4 c5 2. Nf3 e6 3. d3 Nc6 4. g3 Nf6 5. Bg2 d5 6. Nbd2 g6 7. O-O Bg7 8. Re1 O-O 9. Qe2 e5 10. exd5 Nxd5 11. c3 Bf5 12. Nc4 Re8 13. Ng5 Nxc3 14. bxc3 Bxd3 15. Qg4 f5 16. Qh4 h6 17. Nb2 hxg5 18. Bxg5 Qd7 19. Nxd3 Qxd3 20. Rad1 Qxc3 21. Bd5+ Kf8 22. Bf6 Ne7 23. Qh7 Qa5 24. Qxg7# 1-0


[Site "https://www.chess.com"]

[Event "Titled Tuesday Blitz February 22 Early 2022"]
[White "Oparin, Grigoriy"]
[Black "Barrientos, Sergio E"]
[WhiteFideId "24125890"]
[BlackFideId "4401824"]
[WhiteElo "2685"]
[BlackElo "2441"]
[Result "1-0"]
[Round "05"]
[TimeControl "180+1"]
[Date "2022.02.22"]
[WhiteClock "0:00:40"]
[BlackClock "0:00:16"]

1. d4 Nf6 2. c4 e6 3. Nf3 Bb4+ 4. Nbd2 a5 5. a3 Bxd2+ 6. Bxd2 b6 7. e3 Bb7 8. Bd3 d6 9. Qc2 Nbd7 10. e4 e5 11. O-O O-O 12. b4 Re8 13. d5 Qe7 14. Rfb1 Ra7 15. Ne1 Rea8 16. Qb2 axb4 17. axb4 Qf8 18. f3 Rxa1 19. Rxa1 Rxa1 20. Qxa1 Qa8 21. Qxa8+ Bxa8 22. Be3 Kf8 23. Bc2 c5 24. dxc6 Bxc6 25. Nd3 b5 26. Bb3 bxc4 27. Bxc4 d5 28. exd5 Bxd5 29. Ba6 Ke7 30. Nc5 Kd6 31. Kf2 Bc6 32. Nxd7 Nxd7 33. Bd3 g6 34. g4 f6 35. h4 Ke6 36. b5 Bd5 37. b6 f5 38. gxf5+ gxf5 39. Ke2 h5 40. Bb5 Kd6 41. f4 exf4 42. Bxf4+ Ke6 43. Bc7 Nc5 44. Ke3 Bb7 45. Kf4 Nd7 46. Kg5 Bf3 47. Bc4+ Ke7 48. Kxf5 Nc5 49. Ke5 Kd7 50. Bb5+ Kc8 51. Be8 Kb7 52. Bd8 Na4 53. Kf4 Bc6 54. Bxh5 Nxb6 55. Bxb6 Kxb6 56. Bg6 Kc7 57. h5 Kd6 58. h6 Bd5 59. h7 Bg8 60. h8=Q 1-0


[Site "https://www.chess.com"]

[Event "Titled Tuesday Blitz February 22 Early 2022"]
[White "Oro, Luis"]
[Black "Bashirli, Saadat"]
[WhiteFideId "104094"]
[BlackFideId "13429990"]
[WhiteElo "2280"]
[BlackElo "1173"]
[Result "1-0"]
[Round "05"]
[TimeControl "180+1"]
[Date "2022.02.22"]
[WhiteClock "0:00:42"]
[BlackClock "0:00:52"]

1. e4 c5 2. Nf3 g6 3. d4 cxd4 4. Nxd4 Nc6 5. c4 Nf6 6. Nc3 Nxd4 7. Qxd4 d6 8. Be3 Bg7 9. Qd2 O-O 10. Be2 Bd7 11. O-O a5 12. f3 a4 13. Rac1 Qa5 14. Rfd1 Kh8 15. Nb5 Qxd2 16. Rxd2 Bxb5 17. cxb5 Rfc8 18. Rdc2 Rxc2 19. Rxc2 d5 20. e5 Nd7 21. f4 b6 22. Rc7 Rd8 23. Bd4 f6 24. e6 Nc5 25. Rxe7 Kg8 26. Bf3 Kf8 27. Rf7+ Kg8 28. e7 Re8 29. Bxd5 Kh8 30. Bc6 Rc8 31. e8=Q+ Rxe8 32. Bxe8 Kg8 33. Ra7 Kf8 34. Bc6 Ne6 35. Bxb6 1-0


[Site "https://www.chess.com"]

[Event "Titled Tuesday Blitz February 22 Early 2022"]
[White "Orozbaev, Eldiar"]
[Black "Carlsson, Ludvig"]
[WhiteFideId "13802240"]
[BlackFideId "1727010"]
[WhiteElo "2050"]
[BlackElo "2178"]
[Result "0-1"]
[Round "05"]
[TimeControl "180+1"]
[Date "2022.02.22"]
[WhiteClock "0:00:02"]
[BlackClock "0:01:19"]

1. e4 e5 2. Nf3 Nf6 3. Nxe5 d6 4. Nf3 Nxe4 5. Nc3 Nxc3 6. dxc3 Be7 7. Bd3 Nc6 8. Bf4 Be6 9. Qd2 Qd7 10. O-O-O O-O-O 11. Kb1 Kb8 12. Rde1 a6 13. h3 h6 14. Nd4 Nxd4 15. cxd4 Rhe8 16. Qb4 Qc6 17. c4 d5 18. c5 Ka7 19. Rc1 Bg5 20. Bxg5 hxg5 21. a4 Re7 22. Bb5 Bf5+ 23. Ka2 Qf6 24. Rc3 axb5 25. axb5 Ra8 26. Ra3+ Kb8 27. Rxa8+ Kxa8 28. Qa5+ Kb8 29. b6 cxb6 30. cxb6 Qc6 31. Qa3 Re8 32. Qa7+ Kc8 33. b3 Kd7 0-1


[Site "https://www.chess.com"]

[Event "Titled Tuesday Blitz February 22 Early 2022"]
[White "Osiecki, Stanislaw"]
[Black "Zavgorodniy, Sergiy"]
[WhiteFideId "1102990"]
[BlackFideId "14110148"]
[WhiteElo "2127"]
[BlackElo "2420"]
[Result "0-1"]
[Round "05"]
[TimeControl "180+1"]
[Date "2022.02.22"]
[WhiteClock "0:00:10"]
[BlackClock "0:00:11"]

1. e4 e5 2. Nf3 d6 3. d4 exd4 4. Qxd4 Nc6 5. Bb5 Bd7 6. Qd3 Nf6 7. O-O Be7 8. Nc3 O-O 9. a3 Re8 10. h3 a6 11. Bc4 b5 12. Ba2 Be6 13. Nd5 Bxd5 14. exd5 Ne5 15. Nxe5 dxe5 16. Rd1 h6 17. c4 b4 18. Be3 bxa3 19. bxa3 e4 20. Qc3 Nd7 21. c5 Bf6 22. Bd4 Ne5 23. Rab1 Qd7 24. Qe3 Qf5 25. d6 cxd6 26. cxd6 Bg5 27. Qb3 Rad8 28. Qd5 Re6 29. Bc5 Rg6 30. Kh1 Bh4 31. Rb7 Bxf2 32. Rxf7 Qxf7 33. Qxf7+ Nxf7 34. Rf1 Bxc5 35. Bxf7+ Kh7 36. Bxg6+ Kxg6 37. Rd1 Rxd6 38. Rc1 Rd5 39. Rc4 Kf5 40. g4+ Kf4 41. Kg2 Rd2+ 42. Kf1 Bd4 43. Ke1 e3 44. Rc7 Kf3 45. Rf7+ Bf6 46. Ra7 Rh2 47. Kd1 Rh1+ 48. Kc2 e2 0-1


[Site "https://www.chess.com"]

[Event "Titled Tuesday Blitz February 22 Early 2022"]
[White "Pajeken, Jakob Leon"]
[Black "Osmonbekov, Talaibek"]
[WhiteFideId "12942839"]
[BlackFideId "2017253"]
[WhiteElo "2351"]
[BlackElo "2135"]
[Result "1-0"]
[Round "05"]
[TimeControl "180+1"]
[Date "2022.02.22"]
[WhiteClock "0:00:11"]
[BlackClock "0:00:01"]

1. d4 e6 2. Nf3 f5 3. g3 Nf6 4. Bg2 Be7 5. O-O O-O 6. c4 d6 7. Nc3 Ne4 8. Qc2 Nxc3 9. Qxc3 a5 10. Re1 Bf6 11. e4 fxe4 12. Rxe4 Nc6 13. h4 h6 14. Bd2 e5 15. dxe5 Nxe5 16. Nxe5 Bxe5 17. Rxe5 dxe5 18. Bd5+ Kh8 19. Qxe5 c6 20. Bc3 Qf6 21. Qe3 Qg6 22. Be4 Bf5 23. Bxf5 Rxf5 24. Rd1 Raf8 25. Rd7 R5f7 26. Rxf7 Rxf7 27. Bxa5 Kh7 28. Bc3 Qb1+ 29. Kg2 Qxa2 30. Qe4+ Kg8 31. Qe8+ Rf8 32. Qe6+ Rf7 33. Qe8+ Rf8 34. Qd7 Rf7 35. Qc8+ Kh7 36. Qe6 Kg8 37. h5 b5 38. Qe8+ Rf8 39. Qd7 Rf7 40. Qd8+ Rf8 41. Qd4 Rf7 42. cxb5 cxb5 43. Qc5 Qc4 44. Qd6 Qe4+ 45. Kg1 Qf3 46. Qd8+ Rf8 47. Qd4 Rf7 48. Qe5 Qd1+ 49. Kh2 Qd7 50. Qc5 Rf5 51. Qe3 Rxh5+ 52. Kg2 Rf5 53. g4 Qd5+ 54. f3 Rf8 55. Kg3 Qd6+ 56. Kg2 Qd5 57. Kg3 Rf7 58. Kg2 Kh7 59. Kg3 h5 60. gxh5 Qxh5 61. Kg2 Qg6+ 62. Kf2 Qc2+ 63. Kg3 Qf5 64. Kf2 g5 65. Kg3 Qf4+ 66. Qxf4 gxf4+ 67. Kg4 Kg6 68. Be5 Rd7 69. Bxf4 Rd2 70. Be5 Re2 71. f4 Re3 72. Bd4 Rd3 73. f5+ Kf7 74. Be5 b4 75. Kf4 Rd1 76. Ke4 Re1+ 77. Kd5 Rf1 78. f6 Rg1 79. Bd4 Rg4 80. Ke5 b3 81. Kd5 Rg2 82. Kc4 Rg4 83. Kc5 Rg3 84. Kb4 Rg4 85. Kc3 Rg3+ 86. Kc4 Rg4 87. Kd5 Rg3 88. Be5 Rg4 89. Bc3 1-0


[Site "https://www.chess.com"]

[Event "Titled Tuesday Blitz February 22 Early 2022"]
[White "Papp, Petra"]
[Black "Ovetchkin, Roman"]
[WhiteFideId "739049"]
[BlackFideId "4119991"]
[WhiteElo "2259"]
[BlackElo "2409"]
[Result "0-1"]
[Round "05"]
[TimeControl "180+1"]
[Date "2022.02.22"]
[WhiteClock "0:00:01"]
[BlackClock "0:00:30"]

1. d4 Nf6 2. c4 c5 3. d5 b5 4. Qc2 g6 5. e4 d6 6. Nf3 Bg7 7. h3 O-O 8. cxb5 a6 9. b6 Nbd7 10. Nbd2 Nxb6 11. Nc4 e6 12. Nxb6 Qxb6 13. dxe6 Bxe6 14. Be2 Qb4+ 15. Nd2 d5 16. exd5 Nxd5 17. O-O Bf5 18. Qc4 Nf4 19. Bf3 Rad8 20. Qxb4 cxb4 21. Nb3 Nd3 22. Bg5 Rd7 23. Rad1 h6 24. Be3 Nxb2 25. Rxd7 Bxd7 26. Nc5 Bb5 27. Rb1 Rd8 28. Bxh6 Bxh6 29. Rxb2 Bf8 30. Ne4 Be7 31. Be2 Bxe2 32. Rxe2 Rd1+ 33. Kh2 Kf8 34. Nd2 a5 35. Nc4 a4 36. Re4 a3 37. Na5 Rd2 38. Nc6 Bd6+ 39. g3 b3 40. axb3 Rxf2+ 41. Kg1 a2 42. Ra4 Rb2 43. Nd4 Rb1+ 44. Kf2 a1=Q 0-1


[Site "https://www.chess.com"]

[Event "Titled Tuesday Blitz February 22 Early 2022"]
[White "Paravyan, David"]
[Black "Hjartarson, Johann"]
[WhiteFideId "4194985"]
[BlackFideId "2300044"]
[WhiteElo "2569"]
[BlackElo "2484"]
[Result "1-0"]
[Round "05"]
[TimeControl "180+1"]
[Date "2022.02.22"]
[WhiteClock "0:00:18"]
[BlackClock "0:00:19"]

1. e4 c5 2. Nf3 e6 3. d4 cxd4 4. Nxd4 a6 5. Nc3 Qc7 6. Bd3 b5 7. O-O Bb7 8. Re1 Nf6 9. e5 Nd5 10. Nxd5 Bxd5 11. Bf4 Qb7 12. Qg4 g6 13. a4 b4 14. c4 bxc3 15. bxc3 h5 16. Qh3 Qc7 17. Rab1 Bc5 18. c4 Bb7 19. Nb3 Be7 20. Qe3 Nc6 21. Nc5 Bc8 22. Ne4 Qa5 23. c5 h4 24. Bg5 Rh5 25. Nf6+ Bxf6 26. Bxf6 Rb8 27. Rxb8 Nxb8 28. h3 Nc6 29. Rb1 Qxa4 30. Be2 Qa2 31. Rf1 Rh7 32. Bf3 Bb7 33. Rd1 Qc4 34. Qd2 1-0


[Site "https://www.chess.com"]

[Event "Titled Tuesday Blitz February 22 Early 2022"]
[White "Petesch, Gabriel"]
[Black "Papasimakopoulos, Alexandros"]
[WhiteFideId "2032465"]
[BlackFideId "4244125"]
[WhiteElo "2374"]
[BlackElo "2340"]
[Result "1/2-1/2"]
[Round "05"]
[TimeControl "180+1"]
[Date "2022.02.22"]
[WhiteClock "0:00:05"]
[BlackClock "0:00:24"]

1. b3 e5 2. Bb2 d6 3. d4 g6 4. dxe5 Bg7 5. Nf3 Nd7 6. Nbd2 Nxe5 7. Nxe5 Bxe5 8. Bxe5 dxe5 9. g3 c6 10. Bg2 Be6 11. Ne4 Qxd1+ 12. Rxd1 Bd5 13. Nd6+ Ke7 14. Bxd5 cxd5 15. Nxb7 d4 16. Na5 Nf6 17. Nc4 Ke6 18. e3 Rhd8 19. Ke2 Nd5 20. Kf3 Nc3 21. Rd2 e4+ 22. Kg2 dxe3 23. fxe3 Nxa2 24. Ra1 Rxd2+ 25. Nxd2 Nb4 26. c3 Nd5 27. Nxe4 Nxe3+ 28. Kf3 Nd5 29. Ra6+ Ke7 30. c4 Nb4 31. Ra4 Nc6 32. Ke3 a5 33. Nc3 Kd6 34. Kd3 f5 35. Ra1 Kc5 36. Nd5 Re8 37. Rf1 Nb4+ 38. Kc3 Nxd5+ 39. cxd5 Re3+ 40. Kb2 Kxd5 41. Ra1 Re2+ 42. Kc3 Rxh2 43. Rxa5+ Ke4 44. b4 Rh1 45. b5 Rb1 46. Kc4 Kf3 47. Ra3+ Kg4 48. Rb3 Rc1+ 49. Kd5 Rc8 50. b6 g5 51. b7 Rb8 52. Kc6 h5 53. Kc7 Rh8 54. b8=Q Rxb8 55. Kxb8 h4 56. gxh4 gxh4 57. Kc7 h3 58. Kd6 h2 59. Rb1 f4 60. Ke5 f3 61. Ke4 f2 62. Ke3 Kg3 63. Ke2 Kg2 64. Rf1 Kg3 65. Rh1 Kg2 66. Rxh2+ Kxh2 67. Kxf2 1/2-1/2


[Site "https://www.chess.com"]

[Event "Titled Tuesday Blitz February 22 Early 2022"]
[White "Petrosyan, Manuel"]
[Black "Colas, Joshua"]
[WhiteFideId "13300857"]
[BlackFideId "2044447"]
[WhiteElo "2592"]
[BlackElo "2347"]
[Result "1-0"]
[Round "05"]
[TimeControl "180+1"]
[Date "2022.02.22"]
[WhiteClock "0:00:05"]
[BlackClock "0:00:05"]

1. d4 Nf6 2. c4 e6 3. Nf3 d5 4. Nc3 a6 5. cxd5 exd5 6. Bg5 Be6 7. e3 Nbd7 8. Bd3 Bd6 9. h3 h6 10. Bf4 Qe7 11. O-O O-O 12. Rc1 c6 13. Re1 Rfc8 14. Bb1 Rd8 15. Qc2 Rac8 16. a3 c5 17. Bxd6 Qxd6 18. dxc5 Nxc5 19. Qd1 b5 20. Nd4 Nce4 21. Nxe4 dxe4 22. Rxc8 Rxc8 23. Qd2 Bd7 24. Ba2 Kf8 25. Rd1 Qc5 26. Ne2 g5 27. Rc1 Qe7 28. Rxc8+ Bxc8 29. Qc3 Be6 30. Bxe6 Qxe6 31. Nd4 Qd7 32. Qc5+ Kg7 33. g4 Kg6 34. Qb6 Qc8 35. Kg2 Qd7 36. Qxa6 Qd5 37. Qxb5 Qd6 38. Qf5+ Kg7 39. Qc8 Qb6 40. Nf5+ Kg6 41. Qf8 Nh5 42. Qxh6# 1-0


[Site "https://www.chess.com"]

[Event "Titled Tuesday Blitz February 22 Early 2022"]
[White "Petrovic, Aleksa"]
[Black "Bluebaum, Matthias"]
[WhiteFideId "967629"]
[BlackFideId "24651516"]
[WhiteElo "2139"]
[BlackElo "2550"]
[Result "0-1"]
[Round "05"]
[TimeControl "180+1"]
[Date "2022.02.22"]
[WhiteClock "0:00:03"]
[BlackClock "0:00:14"]

1. Nf3 d5 2. g3 Bg4 3. Bg2 e6 4. b3 Nf6 5. Bb2 Bd6 6. O-O Nbd7 7. c4 O-O 8. d3 c6 9. Nbd2 Qe7 10. a3 a5 11. h3 Bh5 12. Qc2 Rfc8 13. e4 dxe4 14. Nxe4 Nxe4 15. dxe4 e5 16. Nh4 Bg6 17. Nf5 Bxf5 18. exf5 Rd8 19. Rfe1 Nf6 20. f4 Nh5 21. fxe5 Bc5+ 22. Kh2 Qg5 23. Re4 Rd2 24. Qc3 Rad8 25. Bc1 Nxg3 26. Bxd2 Rxd2 27. Qxg3 Qxf5 28. Rg4 g6 29. Qf4 Qc2 30. Rf1 f5 31. exf6 Bd6 32. f7+ Kf8 33. Qxd6+ Rxd6 34. Re4 Rd8 35. Rfe1 Kxf7 36. Re7+ Kg8 37. Rxb7 Qd2 38. Rf1 Qd6+ 39. Kh1 Rf8 40. Rxf8+ Kxf8 41. Rb6 Qd1+ 42. Kh2 c5 43. Rb8+ Kg7 44. Rb7+ Kh6 45. Rb5 Qd6+ 46. Kh1 Qc7 47. a4 Kg5 48. Bf3 Kf4 49. Bg2 Kg3 50. Rb7 Qe5 51. Rf7 Qe2 52. Rf3+ Qxf3 53. Bxf3 Kxf3 54. b4 cxb4 55. c5 b3 56. c6 b2 57. c7 b1=Q+ 58. Kh2 Qc2+ 0-1


[Site "https://www.chess.com"]

[Event "Titled Tuesday Blitz February 22 Early 2022"]
[White "Pinheiro, Iung Alicio de O."]
[Black "Pichot, Alan"]
[WhiteFideId "2104350"]
[BlackFideId "110973"]
[WhiteElo "2594"]
[BlackElo "2543"]
[Result "0-1"]
[Round "05"]
[TimeControl "180+1"]
[Date "2022.02.22"]
[WhiteClock "0:00:06"]
[BlackClock "0:01:09"]

1. e4 e5 2. Bc4 Nf6 3. d3 c6 4. Nf3 d5 5. Bb3 Bd6 6. Nc3 O-O 7. O-O d4 8. Ne2 h6 9. h3 c5 10. Ng3 Nc6 11. a3 Be6 12. Bxe6 fxe6 13. a4 Qe8 14. Nd2 g5 15. Nc4 Bc7 16. c3 Qg6 17. a5 h5 18. Qd2 h4 19. Nh1 g4 20. hxg4 Nxg4 21. Qg5 Qxg5 22. Bxg5 Bd8 23. Bxd8 Raxd8 24. f3 Nf6 25. Nf2 Nh5 26. Nh3 dxc3 27. bxc3 Rxd3 28. Rfc1 Ng3 29. Rc2 Kg7 30. Nf2 Rd7 31. Ng4 Rfd8 32. Ngxe5 Rd1+ 33. Rxd1 Rxd1+ 34. Kf2 Nxe5 35. Nxe5 Kf6 36. Nc4 Kg5 37. Ke3 Nh5 38. Rb2 Nf4 39. Ne5 Re1+ 40. Kf2 Rc1 41. Rxb7 Rc2+ 42. Kf1 Nxg2 43. Rxa7 Kf4 44. Ng6+ Kxf3 45. Rf7+ Kg3 46. a6 h3 47. a7 h2 0-1


[Site "https://www.chess.com"]

[Event "Titled Tuesday Blitz February 22 Early 2022"]
[White "Politov, Pavel Y."]
[Black "Garv Gaur"]
[WhiteFideId "24110515"]
[BlackFideId "45030839"]
[WhiteElo "2090"]
[BlackElo "1950"]
[Result "0-1"]
[Round "05"]
[TimeControl "180+1"]
[Date "2022.02.22"]
[WhiteClock "0:00:01"]
[BlackClock "0:00:37"]

1. e4 c6 2. d4 d5 3. e5 Bf5 4. g4 Be4 5. f3 Bg6 6. c3 e6 7. h4 h5 8. Bg5 Be7 9. Nh3 Qb6 10. Qd2 hxg4 11. fxg4 Be4 12. Bg2 Bxg2 13. Qxg2 Nd7 14. Bxe7 Nxe7 15. Ng5 Rf8 16. Na3 O-O-O 17. Rf1 c5 18. Nxf7 cxd4 19. Nxd8 Rxd8 20. cxd4 Qxd4 21. Rc1+ Nc6 22. Qe2 Nxe5 23. Nb5 Nd3+ 24. Kd2 Qb4+ 25. Kxd3 Qxb5+ 26. Ke3 Qb6+ 27. Kf3 Kb8 28. Kg2 e5 29. Rf7 d4 30. Qe4 Qxb2+ 31. Rc2 Qb1 32. Rxg7 Rf8 33. Rxb7+ Qxb7 34. Rxc6 Ka8 35. Qd5 d3 36. Qd6 Qb2+ 0-1


[Site "https://www.chess.com"]

[Event "Titled Tuesday Blitz February 22 Early 2022"]
[White "Poormosavi, Seyed Kian"]
[Black "Obolenskikh, Dmitry"]
[WhiteFideId "12585807"]
[BlackFideId "4156013"]
[WhiteElo "2116"]
[BlackElo "2512"]
[Result "0-1"]
[Round "05"]
[TimeControl "180+1"]
[Date "2022.02.22"]
[WhiteClock "0:00:17"]
[BlackClock "0:00:24"]

1. e4 e5 2. Nf3 Nc6 3. c3 Nf6 4. d4 exd4 5. e5 Nd5 6. cxd4 d6 7. Nc3 dxe5 8. dxe5 Bb4 9. Bd2 Bg4 10. Bb5 O-O 11. O-O Nxe5 12. Nxd5 Bxd2 13. Qxd2 Bxf3 14. Rfe1 f6 15. Rxe5 fxe5 16. Bc4 Bxd5 17. Qxd5+ Kh8 18. Qxb7 Rb8 19. Qxa7 Rxb2 20. Rf1 Qd4 21. Qa3 Rbxf2 0-1


[Site "https://www.chess.com"]

[Event "Titled Tuesday Blitz February 22 Early 2022"]
[White "Potapova, Margarita"]
[Black "Fajdetic, Hrvoje"]
[WhiteFideId "14126869"]
[BlackFideId "14501945"]
[WhiteElo "2209"]
[BlackElo "2140"]
[Result "1-0"]
[Round "05"]
[TimeControl "180+1"]
[Date "2022.02.22"]
[WhiteClock "0:00:53"]
[BlackClock "0:00:01"]

1. c4 f5 2. d4 Nf6 3. Nf3 e6 4. g3 Be7 5. Bg2 O-O 6. O-O d6 7. Nc3 Ne4 8. Qc2 Nxc3 9. bxc3 Bf6 10. e4 e5 11. exf5 Qe8 12. h3 Nc6 13. Re1 Qf7 14. Nxe5 dxe5 15. Bd5 exd4 16. Ba3 Rd8 17. Bxf7+ Kxf7 18. Qe2 Bxf5 19. Qf3 Bg6 20. cxd4 Nxd4 21. Qxb7 Kg8 22. Be7 Rdb8 23. Qd5+ Bf7 24. Qd7 Nc2 25. Bxf6 gxf6 26. Re7 Rd8 27. Qg4+ Kf8 28. Rxf7+ Kxf7 29. Qh5+ Kf8 30. Rd1 Nd4 31. Qc5+ Rd6 32. Rxd4 1-0


[Site "https://www.chess.com"]

[Event "Titled Tuesday Blitz February 22 Early 2022"]
[White "Priasmoro, Novendra"]
[Black "Grieve, Harry"]
[WhiteFideId "7105029"]
[BlackFideId "426520"]
[WhiteElo "2309"]
[BlackElo "2294"]
[Result "1-0"]
[Round "05"]
[TimeControl "180+1"]
[Date "2022.02.22"]
[WhiteClock "0:00:18"]
[BlackClock "0:00:02"]

1. e4 c5 2. Nf3 e6 3. d4 cxd4 4. Nxd4 Nc6 5. Nc3 Qc7 6. Be3 a6 7. Be2 Nf6 8. O-O Be7 9. f4 d6 10. Kh1 O-O 11. Bf3 Nxd4 12. Bxd4 e5 13. Be3 exf4 14. Bxf4 Be6 15. Qe2 Bc4 16. Qd2 Bxf1 17. Rxf1 Rac8 18. Bg5 Qc4 19. Rd1 Rfe8 20. h3 b5 21. a3 Qc5 22. Be3 Qc4 23. Bd4 Nd7 24. Bg4 Rcd8 25. Nd5 Ne5 26. Be2 Qc6 27. c3 Bf8 28. Qg5 Kh8 29. Rf1 Qd7 30. Bh5 f6 31. Bxe8 Qxe8 32. Qg3 Qe6 33. Ne3 Nc6 34. Bb6 Re8 35. Rf4 g5 36. Rf2 Bg7 37. Nf5 Qxe4 38. Nxd6 Qb1+ 39. Kh2 Re1 40. Qg4 Ne5 41. Qc8+ 1-0


[Site "https://www.chess.com"]

[Event "Titled Tuesday Blitz February 22 Early 2022"]
[White "Prohorov, Olexandr"]
[Black "Ozates, Tuna"]
[WhiteFideId "14105578"]
[BlackFideId "6354521"]
[WhiteElo "1993"]
[BlackElo "1872"]
[Result "0-1"]
[Round "05"]
[TimeControl "180+1"]
[Date "2022.02.22"]
[WhiteClock "0:00:06"]
[BlackClock "0:01:29"]

1. e4 e5 2. Nf3 Nc6 3. Bb5 d6 4. d4 exd4 5. Nxd4 Bd7 6. Nc3 Nf6 7. O-O Be7 8. Re1 O-O 9. Bf4 Nxd4 10. Qxd4 a6 11. Bxd7 Nxd7 12. Rad1 Bf6 13. Qd2 Nb6 14. b3 Qd7 15. Nd5 Nxd5 16. Qxd5 Qb5 17. c4 Qb6 18. Be3 Qc6 19. Qxc6 bxc6 20. c5 Rfd8 21. f4 d5 22. e5 Be7 23. Bd4 a5 24. Rd3 Rdb8 25. a3 Rb5 26. Rc1 Rab8 27. Rcc3 g6 28. Kf2 h5 29. Ke2 Kf8 30. Kd2 Ke8 31. Kc2 Kd7 32. Rh3 Ke6 33. Rhf3 Kf5 34. h3 Ke4 0-1


[Site "https://www.chess.com"]